 Dungeon Crawl Stone Soup version 0.27-a0-1280-g9d2d252d84 (webtiles) character file.

Game seed: 13422625968726092982

563 Glokmah the Ruffian (level 7, -3/67 HPs)
             Began as a Troll Chaos Knight on June 13, 2021.
             Was a Plaything of Xom.
             Killed by nerve-wracking pain
             ... invoked by an orc priest
              (12 damage)
             ... on level 5 of the Dungeon.
             The game lasted 00:05:20 (3104 turns).

Glokmah the Ruffian (Troll Chaos Knight)            Turns: 3104, Time: 00:05:20

Health: -3/67      AC:  6    Str: 23      XL:     7   Next: 10%
Magic:  16/16      EV: 10    Int:  8      God:    Xom [*.....]
Gold:   253        SH:  0    Dex:  8 (9)  Spells: 5/8 levels left

rFire    . . .     SeeInvis .     - Unarmed
rCold    . . .     Faith    .   (no shield)
rNeg     . . .     Spirit   .   c - +2 robe
rPois    .         Reflect  .   (helmet restricted)
rElec    .         Harm     .   (no cloak)
rCorr    .         Rampage  .   (gloves unavailable)
Will     .....                  (boots unavailable)
Stlth    +.........             (no amulet)
HPRegen  1.21/turn              d - ring of magical power
MPRegen  0.15/turn              (no ring)

@: no status effects
A: large, unfitting armour, claws 3, regeneration 1, shaggy fur 1, tough skin 1,
MP-powered wands
a: Renounce Religion


You were on level 5 of the Dungeon.
You worshipped Xom.
You were a special plaything of Xom.
You visited 1 branch of the dungeon, and saw 5 of its levels.

You collected 253 gold pieces.

Inventory:

Hand Weapons
 a - a +1 hunting sling of freezing
Missiles
 g - 16 sling bullets
 h - 164 stones (quivered)
Armour
 b - a +0 pair of gloves
 c - a +2 robe (worn)
 y - a +0 tower shield
Magical Staves
 x - a staff of poison
Jewellery
 d - a ring of magical power (left claw)
Scrolls
 e - a scroll of amnesia
 j - a scroll of enchant weapon
Potions
 n - 3 potions of magic
 p - a potion of might {unknown}
 q - a potion of heal wounds {unknown}
 r - a potion of cancellation {unknown}
 s - a potion of degeneration {unknown}
 t - 3 potions of brilliance
 u - 3 potions of haste {unknown}
 v - a potion of curing {unknown}
 z - a potion of attraction {unknown}
 A - a potion of lignification {unknown}
 C - a potion of ambrosia {unknown}


   Skills:
 + Level 3.5 Fighting
 + Level 3.0 Dodging
 * Level 5.3 Unarmed Combat
 + Level 1.2 Spellcasting
 * Level 2.5 Transmutations


You had 5 spell levels left.
You knew the following spells:

 Your Spells              Type           Power      Damage    Failure   Level
a - Wereblood             Tmut           4%         N/A       22%         2
b - Beastly Appendage     Tmut           8%         N/A       14%         1

Your spell library contained the following spells:

 Spells                   Type           Power      Damage    Failure   Level
 Passwall                 Tmut/Erth      1%         N/A       34%         2
 Sandblast                Erth           0%         2d4       36%         1
 Spider Form              Tmut/Pois      1%         N/A       56%         3
 Stone Arrow              Conj/Erth      0%         3d7       75%         3
 Ice Form                 Ice/Tmut       2%         N/A       93%         4
 Petrify                  Tmut/Erth      2%         N/A       93%         4
 Lee's Rapid Deconstruct  Erth           0%         3d5*      100%        5


Dungeon Overview and Level Annotations

Branches:
Dungeon (5/15)             Temple (0/1) D:4

Altars:
Ru
Xom

Shops:
D:4 ?   D:5 *

Annotations:
D:5 Pikel


Innate Abilities, Weirdness & Mutations

You are too large for most types of armour.
You have claws for hands.
Your natural rate of healing is unusually fast.
You are covered in fur. (AC +1)
You have tough skin. (AC +1)
You expend magic power (3 MP) to strengthen your wands.


Message History

An orc comes into view. It is wielding a +0 whip.
The orc priest mumbles some strange prayers to Beogh against you.
Pain shoots through your body! The ufetubus misses you. The ufetubus hits you.
The shadow imp hits you but does no damage.
The ufetubus completely misses you. The ufetubus barely misses you.
You miss the ufetubus. The quasit closely misses you. x3
The white imp hits you but does no damage.
The shadow imp closely misses you. The ufetubus closely misses you.
The ufetubus hits you.
The orc priest calls down the wrath of Beogh upon you.
Beogh smites you!
You scratch the ufetubus.
The ufetubus is lightly wounded.
The quasit misses you.
The quasit claws you but does no damage.
The quasit barely misses you.
The ufetubus hits you but does no damage.
The ufetubus hits you. The white imp completely misses you.
The shadow imp hits you. The quasit bites you. The quasit misses you.
The quasit claws you.
* * * LOW HITPOINT WARNING * * *
You feel clumsy.
The orc priest calls down the wrath of Beogh upon you.
Beogh smites you!
* * * LOW HITPOINT WARNING * * *
Okay, then.
Unknown command.
The orc shouts!
You claw the ufetubus!
You kill the ufetubus!
The shadow imp hits you.
* * * LOW HITPOINT WARNING * * *
The quasit bites you but does no damage.
The quasit claws you but does no damage.
The quasit barely misses you.
The orc priest mumbles some strange prayers to Beogh against you.
Pain shoots through your body!
You die...
Xom giggles madly!

#.o. #... .#
o.. .# #.. .#
.o .#
.#####5##.#
.......5K.#
####55o######
#....5@5....#
#.####.####.#
#.# #.# #.#
#.#
###.####.#
#....)<..#
#....)).##
###.###.# #.#
#.#


You could see Pikel, 3 lemures, an orc priest, a quasit (summoned), a white imp
(summoned), a shadow imp (summoned) and 2 orcs.

Vanquished Creatures
  Sigmund (D:3)
  An ice beast (D:4)
  2 ogres
  A hound skeleton (D:4)
  An adder (D:5)
  A shadow imp (D:3)
  An adder skeleton (D:4)
  A worm (D:2)
  3 dart slugs
  12 orcs
  7 ball pythons
  8 endoplasms
  A giant cockroach (D:3)
  7 goblins
  7 hobgoblins
  12 jackals
  7 kobolds
  2 quokkas
  4 bats
  3 frilled lizards
  9 rats
91 creatures vanquished.

Vanquished Creatures (collateral kills)
  A worm (D:4)
1 creature vanquished.

Grand Total: 92 creatures vanquished

Notes
Turn   | Place    | Note
-------+----------+-------------------------------------------
     0 | D:1      | Glokmah the Troll Chaos Knight began the quest for the Orb.
     0 | D:1      | Reached XP level 1. HP: 22/22 MP: 0/0
   191 | D:1      | Reached XP level 2. HP: 29/29 MP: 1/1
   215 | D:1      | XOM: divination: detect creatures
   893 | D:2      | Reached XP level 3. HP: 36/36 MP: 2/2
  1103 | D:2      | Found a faded altar of an unknown god.
  1208 | D:2      | XOM: give mutation
  1208 | D:2      | Gained mutation: You expend magic power (3 MP) to
                  | strengthen your wands. [Xom's grace]
  1264 | D:2      | Learned a level 2 spell: Wereblood
  1373 | D:2      | Reached skill level 4 in Unarmed Combat
  1582 | D:3      | Reached XP level 4. HP: 44/44 MP: 3/3
  1707 | D:3      | Noticed Sigmund
  1708 | D:3      | XOM: noise
  1714 | D:3      | XOM: smoke on damage
  1722 | D:3      | Killed Sigmund
  1723 | D:3      | Reached skill level 1 in Transmutations
  1723 | D:3      | Reached XP level 5. HP: 15/53 MP: 4/4
  1917 | D:3      | Found a sacrificial altar of Ru.
  2185 | D:4      | XOM: cloud trail
  2205 | D:3      | XOM: god gift: thick jewelled staff {god gift}
  2224 | D:4      | Learned a level 1 spell: Beastly Appendage
  2235 | D:4      | Found Xaboo's Magic Scroll Shoppe.
  2323 | D:4      | XOM: scenery: summon butterflies
  2393 | D:4      | Noticed an ice beast
  2402 | D:4      | Killed an ice beast
  2403 | D:4      | Reached XP level 6. HP: 56/61 MP: 6/6
  2501 | D:4      | XOM: divination: magic mapping
  2560 | D:4      | XOM: scenery: create altars
  2562 | D:4      | XOM: summons friendly quasit
  2570 | D:4      | Reached skill level 5 in Unarmed Combat
  2570 | D:4      | Reached skill level 1 in Spellcasting
  2596 | D:4      | XOM: polymorph quasit -> shadow imp
  2696 | D:4      | Found a staircase to the Ecumenical Temple.
  2920 | D:4      | XOM is BORED!
  2920 | D:4      | XOM: summons 4 hostile demons
  2949 | D:5      | Entered Level 5 of the Dungeon
  3000 | D:5      | Found Kibraomij's General Store.
  3006 | D:5      | Reached XP level 7. HP: 48/67 MP: 7/7
  3097 | D:5      | Noticed Pikel
  3098 | D:5      | XOM: summons 4 hostile demons
  3104 | D:5      | Killed from afar by an orc priest

Illustrated notes

Levels and vault maps discovered:
D:1:      erik_arrival_orb_chamber, layout_basic, minmay_tetromino_s4
D:2:      kb_forest_paths, layout_basic, hellmonk_ecumenical_altar_dog_temple
D:3:      layout_rooms, general_overflow_altar, serial_park_tiny_pond,
          uniq_sigmund
D:4:      layout_loops_ring, minmay_temple_entry_enclosed_plants, serial_shops,
          nicolae_shop_behind_doors, minmay_diced_spiral
D:5:      layout_loops_ring, minitemple,
          chequers_temple_overflow_statue_of_worship, serial_shops, shop,
          uniq_menkaure, uniq_crazy_yiuf_cottage, uniq_pikel, uniq_edmund

Skill      XL: |  1  2  3  4  5  6 |
---------------+-------------------+-----
Dodging        | 2 3 |  3.0
Unarmed Combat | 4 5 |  5.3
Fighting       | 3 |  3.5
Transmutations | 1 2 |  2.5
Spellcasting   | 1 |  1.2

Action                   |  1- 3 |  4- 6 |  7- 9 || total
-------------------------+-------+-------+-------++-------
Melee: Unarmed           |    98 |   121 |    15 ||   234
       Punch             |     2 |     2 |     1 ||     5
 Fire: Hunting sling     |     3 |       |       ||     3
 Cast: Wereblood         |       |     2 |       ||     2
  Use: Scroll            |       |       |    11 ||    11
 Stab: Sleeping          |     1 |     3 |       ||     4
Armor: Robe              |    37 |    42 |    13 ||    92
Dodge: Dodged            |    42 |    48 |    23 ||   113

Table legend: (Time is in decaauts)
 A = Elapsed time spent in this place.
 B = Non-inter-level travel time spent in this place.
 C = Inter-level travel time spent in this place.
 D = Time resting spent in this place.
 E = Time spent auto-exploring this place.
 F = Levels seen in this place.
 G = Mean time per level.
                   A        B        C        D        E       F      G
               +--------+--------+--------+--------+--------+-----+--------+
         Total |   3089 |   2739 |    350 |      0 |   2105 |   5 |  617.8 |
       Dungeon |   3089 |   2739 |    350 |      0 |   2105 |   5 |  617.8 |
               +--------+--------+--------+--------+--------+-----+--------+

Top non-repeatable levels by time:
     D:1: 854 daAuts
     D:4: 805 daAuts
     D:2: 752 daAuts
     D:3: 583 daAuts
     D:5: 93 daAuts
